[Event "Early-Titled-Tuesday-Blitz-January-16-2024"]
[Site "Chess.com"]
[Date "2024.01.16"]
[Round "1"]
[White "marina1994"]
[Black "Zurability"]
[Result "1-0"]
[WhiteElo "2542"]
[BlackElo "2723"]
[TimeControl "180+1"]
[EndTime "8:06:55 PST"]
[Termination "marina1994 won on time"]

1. e4 e5 2. Nf3 Nc6 3. Bc4 Nf6 4. d3 h6 5. c3 d6 6. Bb3 g5 7. h4 g4 8. Nh2 h5 9. Nf1 d5 10. Qe2 Be6 11. Bg5 dxe4 12. dxe4 Bh6 13. Nbd2 Bxg5 14.
hxg5 Nd7 15. Qe3 Qe7 16. Ng3 O-O-O 17. Nxh5 Nc5 18. O-O-O Rd3 19. Bxe6+ fxe6 20. Qe2 Qxg5 21. f4 exf4 22. Nxf4 Rxh1 23. Nxd3 Rxd1+ 24. Kxd1 Nxd3 25. Qxd3 Qf4 26. g3 Qf6 27. Nc4 a6 28. Ke2 Qh6 29.
Qe3 Qh1 30. Nd2 Kb8 31. Qf4 Qg2+ 32. Kd1 1-0

[Event "Early-Titled-Tuesday-Blitz-January-16-2024"]
[Site "Chess.com"]
[Date "2024.01.16"]
[Round "1"]
[White "Herman-NY"]
[Black "Sanan_Sjugirov"]
[Result "0-1"]
[WhiteElo "2510"]
[BlackElo "2970"]
[TimeControl "180+1"]
[EndTime "8:06:57 PST"]
[Termination "Sanan_Sjugirov won by checkmate"]

1. e4 c5 2. Nf3 Nc6 3. Bb5 g6 4. O-O Bg7 5. c3 Nf6 6. Re1 O-O 7. h3 Qb6 8. Na3 d6 9. Bf1 e5 10. Nc4 Qd8 11. a4 Be6 12. d3 h6 13. g3 Re8 14. Bg2 Nxe4 15. Rxe4 d5 16. Rxe5 dxc4 17. Rxc5 cxd3 18. Be3 a6 19. Nd2 Rc8 20. Ne4 Bf5 21. Nd2 Be6 22. Ne4 Bf8 23. Qd2 Bf5 24. Rxf5 gxf5 25. Nc5 f4 26. gxf4 Bxc5 27. Bxc5 Re2 28. Qd1 Qd7 29. Be3 Kh8 30. Bf1 Rg8+ 31. Kh1 Qd5+ 32.
Kh2 Qf3 33. Qxd3 Rxf2+ 34. Bxf2 Qxf2+ 35. Kh1 Qg1# 0-1

[Event "Early-Titled-Tuesday-Blitz-January-16-2024"]
[Site "Chess.com"]
[Date "2024.01.16"]
[Round "1"]
[White "dcremisi"]
[Black "topce"]
[Result "1-0"]
[WhiteElo "2678"]
[BlackElo "2354"]
[TimeControl "180+1"]
[EndTime "8:06:58 PST"]
[Termination "dcremisi won by resignation"]

1. d4 Nf6 2. c4 e6 3. Nf3 c5 4.
Nc3 cxd4 5. Nxd4 Bb4 6. Qb3 Na6 7. Bg5 Qa5 8. Bd2 d5 9. cxd5 Nxd5 10. e4 Bxc3 11.
bxc3 Nf6 12. Bb5+ Bd7 13. Bxd7+ Nxd7 14. Qxb7 Rb8 15. Qxa7 Qb6 16. Qxb6 Rxb6 17. Ke2 Nac5 18. f3 Ne5 19. Rab1 Rxb1 20. Rxb1 Ke7 21. Rb5 Ned7 22.
Be3 Ra8 23. Nc6+ Kd6 24. Na5 e5 25. Bxc5+ Nxc5 26. Nc4+ Kc6 27. Rb2 f6 28. Ne3 Ra3 29. Nd5 Na4 30. Rc2 Kc5 31. g4 Kc4 32. h4 h6 33. Ne3+ Kc5 34. Nf5 Rxa2 35. Rxa2 Nxc3+ 36. Kf2 Nxa2 37. Nxg7 Kc6 38. Ne8 Nc3 39. Nxf6 Kd6 40. Ng8 h5 41. gxh5 Ke6 42. Nh6 Kf6 43. Nf5 Nb5 44.
h6 Kg6 45. h5+ Kh7 46. Kg3 Nc3 47. Kg4 Ne2 48. Kg5 Nd4 49. Nxd4 exd4 50. Kf4 Kxh6 51. e5 Kxh5 52. Ke4 d3 53. Kxd3 Kg5 54. Kd4 Kf5 55. Kd5 Kf4 56. e6 Kxf3 57. Kd6 Kf4 58. e7 Kf5 59. e8=Q Kf6 60. Qf8+ Kg6 61. Ke5 Kh7 62.
Qf7+ Kh8 63. Qa7 1-0

[Event "Early-Titled-Tuesday-Blitz-January-16-2024"]
[Site "Chess.com"]
[Date "2024.01.16"]
[Round "1"]
[White "LimeInTheCoconut"]
[Black "ChessBliss09"]
[Result "0-1"]
[WhiteElo "2547"]
[BlackElo "2089"]
[TimeControl "180+1"]
[EndTime "8:06:58 PST"]
[Termination "ChessBliss09 won on time"]

1. e4 e6 2. d4 d5 3. Nc3 dxe4 4. Nxe4 Nd7 5. Nf3 Ngf6 6. Nxf6+ Nxf6 7. Be3 b6 8. Bb5+ Bd7 9. Bd3 Bc6 10. Ne5 Bd7 11.
Nxd7 Qxd7 12. Qf3 Rd8 13. O-O Bd6 14. Rad1 O-O 15. Bg5 Be7 16. c3 h6 17. Bc1 Qd5 18. Qxd5 Nxd5 19. f4 c5 20. dxc5 Bxc5+ 21. Kh1 Be3 22.
Be4 Bxc1 23. Rxc1 Nf6 24. Bb1 Rd2 25. Rc2 Rfd8 26. Rxd2 Rxd2 27. b3 Nd5 28. g3 Nxc3 29. Rc1 Nxb1 30. Rxb1 Rxa2 31. Rc1 Rb2 32. Rc8+ Kh7 33.
Rc7 Kg6 34. Rxa7 Rxb3 35. Kg2 Rb1 36. h3 b5 37. g4 b4 38. Rb7 b3 39. Rb6 b2 40. h4 Kf6 41. h5 Ke7 42. Kh2 Rf1 0-1

[Event "Early-Titled-Tuesday-Blitz-January-16-2024"]
[Site "Chess.com"]
[Date "2024.01.16"]
[Round "1"]
[White "FrenchMonster2002"]
[Black "PavelShkapenko"]
[Result "0-1"]
[WhiteElo "2413"]
[BlackElo "2779"]
[TimeControl "180+1"]
[EndTime "8:07:00 PST"]
[Termination "PavelShkapenko won on time"]

1. e4 e5 2. Nf3 Nc6 3. Bc4 d6 4. d4 Nf6 5. dxe5 dxe5 6. Qxd8+ Nxd8 7. Nxe5 Bd6 8. Bf4 Nh5 9. g3 g5 10. Bxg5 Bxe5 11. c3 Ne6 12. Be3 Bd6 13. Nd2 Bd7 14. f4 Bc5 15. Nf1 Bxe3 16. Nxe3 Bc6 17. Nd5 Bxd5 18. Bxd5 O-O-O 19. O-O-O Nf6 20. c4 c6 21. Bxe6+ fxe6 22. e5 Ng4 23. Rhe1 Nxh2 24. Rxd8+ Kxd8 25. Rh1 Ng4 26. Kd2 h5 27. Ke2 Ke7 28. Rh4 Kf7 29.
Kf3 Kg6 30. Ke4 Rd8 31. Rh1 Nh6 32. Kf3 Rd3+ 33. Ke4 Rxg3 34. Kd4 h4 35. Kc5 h3 36. Kd6 Kf7 37. Kc7 Ng4 38. Kd7 h2 39. f5 Nxe5+ 40.
Kd6 Nf3 41. fxe6+ Ke8 42. Kc7 Rg1 0-1

[Event "Early-Titled-Tuesday-Blitz-January-16-2024"]
[Site "Chess.com"]
[Date "2024.01.16"]
[Round "1"]
[White "chenxiaoyuer"]
[Black "Soledadense88"]
[Result "1-0"]
[WhiteElo "2733"]
[BlackElo "2398"]
[TimeControl "180+1"]
[EndTime "8:07:00 PST"]
[Termination "chenxiaoyuer won by resignation"]

1. e4 e6 2. Ne2 d5 3. exd5 exd5 4. d4 Nc6 5. c3 Bd6 6. Bf4 Nf6 7. g3 Bg4 8. Qd3 O-O 9. f3 Bh5 10. Kf2 Bg6 11. Qd2 Re8 12. Na3 a6 13. Bxd6 Qxd6 14. Nf4 Re7 15. Bd3 Rae8 16. Rae1 Bxd3 17.
Qxd3 h5 18. h4 Rxe1 19. Rxe1 Rxe1 20. Kxe1 Nd8 21. Nc2 Ne6 22. Ne2 g6 23. Qe3 Ng7 24.
Kf2 Nf5 25. Qf4 Qe7 26. Nb4 c5 27. Nd3 c4 28. Ne5 b5 29. Qg5 Ne8 30. Nf4 Qxg5 31. hxg5 Ne7 32. Nd7 Nc7 33. g4 hxg4 34. fxg4 Kg7 35.
Ke3 f6 36. gxf6+ Kf7 37. fxe7 Kxe7 38. Ne5 Kf6 39. Nfxg6 a5 40. Nf4 b4 41. Nf3 Ke7 42. g5 Kd6 43. g6 1-0

[Event "Early-Titled-Tuesday-Blitz-January-16-2024"]
[Site "Chess.com"]
[Date "2024.01.16"]
[Round "1"]
[White "epiclord678"]
[Black "KuzubovYuriy"]
[Result "0-1"]
[WhiteElo "2477"]
[BlackElo "2874"]
[TimeControl "180+1"]
[EndTime "8:07:01 PST"]
[Termination "KuzubovYuriy won on time"]

1. e4 e6 2. d4 d5 3. Nd2 Nc6 4. Ngf3 Nf6 5. e5 Nd7 6. Be2 f6 7. exf6 Qxf6 8. Nf1 Bd6 9. Ne3 Qg6 10. O-O O-O 11.
c4 Nf6 12. c5 Be7 13. Bb5 Bd7 14.
Re1 Qe8 15. a3 a5 16. Bd3 Qh5 17. Bd2 Kh8 18. b4 axb4 19. axb4 Rxa1 20. Qxa1 Ne4 21. Bxe4 dxe4 22. Ne5 Nxe5 23. dxe5 Qf7 24. Nd1 Bc6 25. Be3 h5 26. Nc3 h4 27. b5 Bd5 28. h3 Qf5 29.
Nxd5 exd5 30. Qd4 c6 31. b6 Ra8 32. Ra1 Qc8 33. Qc3 Rxa1+ 34. Qxa1 Kg8 35. Bd4 Kf7 36. Qa7 Ke6 37. Kf1 Bg5 38. Ke2 Bf4 39. Qa1 g5 40.
Be3 Bxe5 41. Qc1 Qa8 42. Bxg5 Qa6+ 43. Ke1 Qd3 44. Qe3 Bc3+ 0-1

[Event "Early-Titled-Tuesday-Blitz-January-16-2024"]
[Site "Chess.com"]
[Date "2024.01.16"]
[Round "1"]
[White "Nechitaylo_Nikita"]
[Black "HPanesso"]
[Result "0-1"]
[WhiteElo "2289"]
[BlackElo "2631"]
[TimeControl "180+1"]
[EndTime "8:07:01 PST"]
[Termination "HPanesso won by resignation"]

1. d4 d5 2. c4 dxc4 3. e3 e6 4. Bxc4 Nf6 5. Nf3 c5 6. O-O a6 7. Bb3 Nc6 8. Nc3 Be7 9. dxc5 Qxd1 10. Rxd1 Bxc5 11. Nd4 Bd7 12. Na4 Ba7 13. Nxc6 Bxc6 14. Bd2 b5 15. Nc3 O-O 16. Rac1 Rfc8 17. Ne2 Bb6 18.
Bc3 Ne4 19. Bd4 Bd8 20. f3 Nf6 21. e4 Bb7 22. Be3 Kf8 23. a4 bxa4 24. Bxa4 Be7 25. g4 h6 26. h4 Rxc1 27. Rxc1 Rc8 28. Rxc8+ Bxc8 29. g5 hxg5 30. hxg5 Nd7 31. Bc6 Ne5 32.
Ba4 Nxf3+ 33. Kf2 Nxg5 34. Nd4 Nxe4+ 35. Kf3 Nd6 36. Nc6 Bb7 37. Kf4 g5+ 38. Ke5 Nc4+ 39. Kd4 Nxe3 40. Kxe3 Bc5+ 41. Kf3 f5 42. Kg3 Bd6+ 43. Kf3 g4+ 44. Kf2 f4 45. Nd8 Bd5 46. Bd7 Ke7 0-1

[Event "Early-Titled-Tuesday-Blitz-January-16-2024"]
[Site "Chess.com"]
[Date "2024.01.16"]
[Round "1"]
[White "Chess_Caio2007"]
[Black "JimDiGrease"]
[Result "0-1"]
[WhiteElo "2515"]
[BlackElo "2998"]
[TimeControl "180+1"]
[EndTime "8:07:03 PST"]
[Termination "JimDiGrease won on time"]

1. d4 d5 2. Nf3 Nf6 3. c4 e6 4. g3 dxc4 5. Bg2 Bb4+ 6. Nbd2 b5 7.
O-O O-O 8. a4 c6 9. Qc2 Bb7 10.
b3 c3 11. Nb1 bxa4 12. Rxa4 c5 13. dxc5 Be4 14. Qa2 a5 15. Ba3 Nc6 16. Rc1 Nd5 17. Ne1 Bxg2 18. Kxg2 Qg5 19. Nd3 Rab8 20. e4 Nf6 21.
Nxc3 Rfd8 22. Nf4 Nd4 23. Bxb4 axb4 24. Nce2 Qe5 25. c6 Qxe4+ 26. Kg1 Nxc6 27. Qc2 Qf3 28. Qc4 Ne5 29. Qc5 Neg4 0-1

[Event "Early-Titled-Tuesday-Blitz-January-16-2024"]
[Site "Chess.com"]
[Date "2024.01.16"]
[Round "1"]
[White "Genghis_K"]
[Black "Levanzovsky"]
[Result "1-0"]
[WhiteElo "2846"]
[BlackElo "2459"]
[TimeControl "180+1"]
[EndTime "8:07:03 PST"]
[Termination "Genghis_K won by resignation"]

1. e4 c5 2. Nf3 d6 3. c3 Nf6 4. h3 g6 5. Bd3 Bg7 6. O-O O-O 7. Re1 Nc6 8. a4 d5 9. exd5 Nxd5 10. Bf1 e5 11. Na3 Re8 12. Nc4 e4 13. Nh2 Bf5 14. d3 exd3 15. Rxe8+ Qxe8 16. Nd6 Qd7 17. Nxf5 Qxf5 18. Qxd3 Qxd3 19. Bxd3 Rd8 20. Be4 f5 21. Bf3 Ne5 22. Be2 c4 23. Nf3 Nd3 24. Bg5 Bf6 25. Bxd3 cxd3 26. Bxf6 Nxf6 27. Rd1 Ne4 28. Nd4 Nc5 29. a5 Na4 30. Rd2 Rd5 31.
a6 bxa6 32. Nc6 Kf8 33. Nb4 Rd6 34. Rxd3 Rxd3 35. Nxd3 Ke7 36. Kf1 Kd6 37. Ke2 Kd5 38. Kd2 a5 39. Kc2 Nb6 40. f3 g5 41. g4 f4 42. Nf2 Nc4 43. Ne4 h6 44. b3 Ne5 45.
Nd2 a6 46. Kb2 Kc5 47. Ka3 Nd3 48. Ka4 Nb2+ 49. Kxa5 Nd1 50. b4+ Kc6 51. c4 Nf2 52. Kxa6 Nxh3 53. b5+ Kc7 54. Ka7 1-0

[Event "Early-Titled-Tuesday-Blitz-January-16-2024"]
[Site "Chess.com"]
[Date "2024.01.16"]
[Round "1"]
[White "andrzej"]
[Black "chessdjw"]
[Result "0-1"]
[WhiteElo "2403"]
[BlackElo "2744"]
[TimeControl "180+1"]
[EndTime "8:07:03 PST"]
[Termination "chessdjw won by checkmate"]

1. e4 c5 2. Nf3 d6 3. d4 cxd4 4. Nxd4 Nf6 5. Nc3 a6 6. Be3 e5 7.
Nb3 Be7 8. h3 O-O 9. Qf3 b5 10.
O-O-O b4 11. Na4 Nbd7 12. g4 Bb7 13. Bd3 Bc6 14. g5 Ne8 15. h4 Bxa4 16. Rdg1 Bc6 17.
Qg4 a5 18. Nd2 Nc5 19. Bc4 Qc8 20. Qh5 Nxe4 21. g6 hxg6 22. Rxg6 N4f6 23. Qh6 Bxh1 24. Rg1 d5 25. Bb5 Ng4 26. Qh5 Nef6 27. Qg5 Be4 28. Nxe4 dxe4 29. Be2 Qe6 30. h5 Qxa2 31. h6 g6 32. h7+ Nxh7 33. Qxg4 Rad8 34. Bd2 Qa1# 0-1

[Event "Early-Titled-Tuesday-Blitz-January-16-2024"]
[Site "Chess.com"]
[Date "2024.01.16"]
[Round "1"]
[White "SahibSinghKnight"]
[Black "Witty_Alien"]
[Result "1-0"]
[WhiteElo "2672"]
[BlackElo "2341"]
[TimeControl "180+1"]
[EndTime "8:07:05 PST"]
[Termination "SahibSinghKnight won by resignation"]

1. e4 c5 2. Nf3 d6 3. d4 cxd4 4. Nxd4 Nf6 5. Nc3 a6 6. Be3 Ng4 7. Bg5 h6 8. Bh4 g5 9. Bg3 Bg7 10. h3 Ne5 11. Be2 Nbc6 12. Nb3 Be6 13. O-O Rc8 14.
Nd5 Na5 15. f4 gxf4 16. Nxf4 Bc4 17. Nh5 Kf8 18. Nxg7 Kxg7 19. Bxe5+ dxe5 20. Nxa5 Qxa5 21. Bxc4 Rxc4 22. Qg4+ Kf8 23. Qe6 Qc5+ 24. Kh1 Rh7 25. c3 Qc6 26. Qxe5 Rg7 27. Rad1 Kg8 28. Rd8+ Kh7 29. Rxf7 Qg6 30. Rxg7+ Qxg7 31. Qf5+ Qg6 32.
Rh8+ Kg7 33. Rg8+ Kxg8 34. Qxg6+ 1-0

[Event "Early-Titled-Tuesday-Blitz-January-16-2024"]
[Site "Chess.com"]
[Date "2024.01.16"]
[Round "1"]
[White "Khromkin"]
[Black "Ginger_GM"]
[Result "1-0"]
[WhiteElo "2388"]
[BlackElo "2673"]
[TimeControl "180+1"]
[EndTime "8:07:06 PST"]
[Termination "Khromkin won by checkmate"]

1. d4 e6 2. c4 f5 3. Nf3 Nf6 4. g3 Be7 5. Bg2 O-O 6. O-O d6 7. Nc3 Ne4 8. Qc2 Nxc3 9. Qxc3 a5 10. b3 Bf6 11. Bb2 Nc6 12. Qd2 e5 13. dxe5 dxe5 14. Qd5+ Kh8 15. Rfd1 Qe7 16. a4 Nb4 17. Qd2 g5 18. Qc3 e4 19. Ne5 Ra6 20. f4 exf3 21.
exf3 f4 22. Re1 Re6 23. Bh3 Qc5+ 24. Kh1 Ree8 25. Bxc8 Rxc8 26. Nd7 Bxc3 27. Bxc3+ Kg8 28. Nxc5 fxg3 29. Bxb4 axb4 30. hxg3 Rxf3 31. Kg2 Rc3 32. Re7 Rd8 33. Rf1 Rd2+ 34. Kh3 h5 35. Re8+ Kg7 36.
Ne6+ Kg6 37. Rg8+ Kh7 38. Rg7+ Kh6 39. Rf6# 1-0

[Event "Early-Titled-Tuesday-Blitz-January-16-2024"]
[Site "Chess.com"]
[Date "2024.01.16"]
[Round "1"]
[White "imdarealist"]
[Black "astralpulse"]
[Result "0-1"]
[WhiteElo "2290"]
[BlackElo "2638"]
[TimeControl "180+1"]
[EndTime "8:07:06 PST"]
[Termination "astralpulse won by checkmate"]

1. d4 d5 2. Bf4 c5 3. e3 Nc6 4. c3 Bf5 5. Nd2 e6 6. Ngf3 Bd6 7. Bg3 Nge7 8. Ne5 O-O 9. f4 f6 10.
Nxc6 Nxc6 11. Nf3 Qc7 12. Bd3 Bxd3 13. Qxd3 cxd4 14. Nxd4 Nxd4 15. cxd4 Qa5+ 16. Kf2 Rac8 17. a3 Qb6 18. Qd2 Rc4 19. Rhc1 Rfc8 20. Rxc4 Rxc4 21. Rc1 Qb3 22. Rxc4 dxc4 23. Ke2 b5 24. Be1 f5 25. Qc3 Qa4 26. Qa5 Qc2+ 27. Bd2 Qxb2 28. Qa6 Qxa3 29. Qc8+ Kf7 30. Qd7+ Be7 31. d5 Qd6 32. dxe6+ Qxe6 33.
Qxb5 Qe4 34. Qd7 Qxg2+ 35. Kd1 Qe4 36. h4 Qd3 37. Qxa7 c3 38. Qa2+ Kf6 39. Qa1 Qxd2# 0-1

[Event "Early-Titled-Tuesday-Blitz-January-16-2024"]
[Site "Chess.com"]
[Date "2024.01.16"]
[Round "1"]
[White "SARGISMV"]
[Black "platy3"]
[Result "0-1"]
[WhiteElo "2480"]
[BlackElo "2878"]
[TimeControl "180+1"]
[EndTime "8:07:07 PST"]
[Termination "platy3 won by checkmate"]

1. d4 Nf6 2. Nf3 e6 3. c4 d5 4.
Nc3 c6 5. g3 dxc4 6. Bg2 b5 7.
O-O a6 8. e4 Nbd7 9. e5 Nd5 10.
Ne4 c5 11. Bg5 Qb6 12. Re1 Bb7 13. a4 h6 14. Bc1 Be7 15. axb5 axb5 16. Rxa8+ Bxa8 17. h4 O-O 18. dxc5 Nxc5 19. Nxc5 Bxc5 20. Qe2 Nb4 21.
Be3 Nd3 22. Bxc5 Qxc5 23. Rf1 Bxf3 24. Bxf3 Qxe5 25. Qd2 Qxb2 26. Qe3 Qe5 27. Qb6 Qc5 28.
Qb7 c3 29. Be4 c2 30. Bxd3 c1=Q 31. Rxc1 Qxc1+ 32. Kg2 Qc8 33. Qxb5 Qa8+ 34. Kh2 Qd5 35. Qb1 Rd8 36. Be4 Qc5 37. Qb2 Qd4 38. Qe2 Rb8 39.
Kg2 Rb2 40. Qf3 f5 41. Bc6 g5 42. hxg5 hxg5 43. g4 Qxg4+ 44. Qxg4 fxg4 45. Bd7 Kf7 46. Kg3 Kf6 47. Bc6 Kf5 48. Ba4 Ra2 49. Bd1 Ra3+ 50. Kg2 Kf4 51. Be2 g3 52. fxg3+ Rxg3+ 53. Kf2 Ra3 54. Bf3 e5 55. Be2 g4 56. Kf1 g3 57.
Kg2 Ra2 58. Kh3 Rxe2 59. Kh4 Rh2# 0-1

[Event "Early-Titled-Tuesday-Blitz-January-16-2024"]
[Site "Chess.com"]
[Date "2024.01.16"]
[Round "1"]
[White "wadsy27"]
[Black "effefe"]
[Result "1-0"]
[WhiteElo "2643"]
[BlackElo "2301"]
[TimeControl "180+1"]
[EndTime "8:07:07 PST"]
[Termination "wadsy27 won on time"]

1. e4 c5 2. Nf3 d6 3. Bb5+ Nd7 4. O-O a6 5. Bxd7+ Qxd7 6. c3 b5 7. d4 cxd4 8. cxd4 Bb7 9. Re1 Nf6 10. d5 g6 11. a4 Bg7 12. Nbd2 O-O 13. Nb3 Rac8 14.
axb5 Qxb5 15. Nfd4 Qd7 16. Na5 Rc5 17. b4 Rc7 18. f3 Qc8 19. Be3 Nd7 20. Ndc6 Nb8 21. Nxb8 Qxb8 22. Bd4 Rfc8 23. Bxg7 Kxg7 24. Qd4+ Kg8 25. Reb1 Ba8 26. h3 Qb5 27. Kh2 Rc2 28. Rb2 Qe2 29. Rxc2 Rxc2 30. Rg1 Qxf3 31. Qa7 Qf4+ 32.
Kh1 Rc8 33. Qxe7 Qd2 34. Qxd6 Re8 35. Qd7 1-0

[Event "Early-Titled-Tuesday-Blitz-January-16-2024"]
[Site "Chess.com"]
[Date "2024.01.16"]
[Round "1"]
[White "AwareIdea"]
[Black "Grischuk"]
[Result "0-1"]
[WhiteElo "2540"]
[BlackElo "3093"]
[TimeControl "180+1"]
[EndTime "8:07:08 PST"]
[Termination "Grischuk won by resignation"]

1. d4 e6 2. c4 b6 3. g3 Bb7 4. d5 Bb4+ 5. Bd2 a5 6. Bg2 Nf6 7.
a3 Bxd2+ 8. Qxd2 Na6 9. Nc3 Nc5 10. Rd1 a4 11. Nf3 d6 12. O-O e5 13. Qc2 O-O 14.
e4 Bc8 15. h3 Nh5 16. Nd2 f5 17. exf5 Bxf5 18. Nce4 Nf6 19. Rde1 Kh8 20. Qc3 Nfxe4 21. Nxe4 Nxe4 22. Bxe4 Bxh3 23. Bg2 Qd7 24. Re4 Bxg2 25. Kxg2 Qf5 26. Qe3 h6 27. Rh1 Rf6 28. f3 Raf8 29.
Rf1 Rg6 30. Re1 Rg5 31. Re2 Qg6 32. g4 Rgf5 33. Kf2 Rf4 34. Kg2 h5 35. Re1 hxg4 36. fxg4 Qxg4+ 37. Qg3 Rxe4 38. Rxe4 Qxe4+ 0-1

[Event "Early-Titled-Tuesday-Blitz-January-16-2024"]
[Site "Chess.com"]
[Date "2024.01.16"]
[Round "1"]
[White "GeorgiosSouleidis"]
[Black "the_blue_pill"]
[Result "1-0"]
[WhiteElo "2658"]
[BlackElo "2320"]
[TimeControl "180+1"]
[EndTime "8:07:09 PST"]
[Termination "GeorgiosSouleidis won by resignation"]

1. e4 c5 2. Be2 Nc6 3. d3 g6 4. f4 Bg7 5. Nf3 d5 6. O-O dxe4 7. dxe4 Qxd1 8. Rxd1 Nd4 9. Nxd4 Bxd4+ 10. Kf1 Bd7 11. e5 f6 12. c3 fxe5 13. cxd4 exd4 14. Bf3 O-O-O 15. Nd2 Nf6 16. Ne4 Nxe4 17. Bxe4 Rhf8 18. Kg1 Kc7 19. Bd2 Bc6 20. Re1 Rd7 21. Bxc6 Kxc6 22.
Re6+ Kc7 23. Rae1 Rf7 24. a4 b6 25. g4 Kd8 26. Kg2 Rd6 27. Rxd6+ exd6 28. Kg3 Re7 29. Rxe7 Kxe7 30. f5 a6 31. fxg6 hxg6 32. h4 b5 33. a5 b4 34. Kf4 Kf6 35. h5 gxh5 36. gxh5 d5 37. b3 c4 38. Bxb4 cxb3 39. Ba3 Kg7 40. Bb2 Kh6 41. Bxd4 Kxh5 42. Ke5 Kg4 43. Kxd5 Kf3 44.
Kc6 Ke2 45. Kb6 Kd3 46. Bh8 Kc4 47. Kxa6 Kb4 48. Kb6 b2 49. Bxb2 1-0

[Event "Early-Titled-Tuesday-Blitz-January-16-2024"]
[Site "Chess.com"]
[Date "2024.01.16"]
[Round "1"]
[White "lilylg"]
[Black "SaiHanThiha"]
[Result "0-1"]
[WhiteElo "2105"]
[BlackElo "2570"]
[TimeControl "180+1"]
[EndTime "8:07:09 PST"]
[Termination "SaiHanThiha won by checkmate"]

1. d4 Nf6 2. c4 g6 3. d5 Bg7 4.
Nc3 O-O 5. e4 c6 6. Be2 d6 7. h3 e6 8. dxc6 bxc6 9. Nf3 Bb7 10.
O-O Qe7 11. Re1 Rd8 12. Bg5 Nbd7 13. Qb3 Nc5 14. Qc2 a5 15. Rad1 h6 16. Be3 Nfd7 17. Qd2 Bxc3 18. Qxc3 Nxe4 19. Qc2 Ng5 20. Nxg5 hxg5 21.
Qd2 Ne5 22. Bxg5 f6 23. Be3 c5 24. f4 Nc6 25. Bf2 e5 26. Bf3 Nd4 27. Bxb7 Qxb7 28. Qd3 Kg7 29. Bxd4 cxd4 30. f5 g5 31. h4 gxh4 32.
Re4 Rh8 33. Rg4+ Kf7 34. c5 d5 35. Qc2 Rag8 36. c6 Qc7 37. Rxg8 Rxg8 38. Qc5 Rd8 39. Rd3 Rd6 40. Rb3 Rxc6 41. Qxd5+ Ke7 42. Kh2 a4 43. Rb5 e4+ 44. Kh3 Qg3# 0-1

[Event "Early-Titled-Tuesday-Blitz-January-16-2024"]
[Site "Chess.com"]
[Date "2024.01.16"]
[Round "1"]
[White "RobertoJBM"]
[Black "DeArron_Fox"]
[Result "1-0"]
[WhiteElo "2804"]
[BlackElo "2437"]
[TimeControl "180+1"]
[EndTime "8:07:10 PST"]
[Termination "RobertoJBM won by resignation"]

1. d4 d5 2. Nf3 Nf6 3. e3 c5 4. c3 Nc6 5. Nbd2 Bg4 6. Qa4 Bd7 7.
Qb3 Qb6 8. dxc5 Qxc5 9. Qxb7 Rb8 10. Qa6 Rb6 11. Qa4 e5 12. Qd1 e4 13. Nd4 Ne5 14. Be2 Bd6 15. O-O h5 16. f3 exf3 17. N2xf3 Nc4 18. b3 Ne5 19. Bb2 Bb8 20. Rc1 Qc7 21. Nxe5 Qxe5 22. Nf3 Qxe3+ 23. Kh1 Ng4 24. Qe1 O-O 25. c4 Re8 26. Bd1 Qxe1 27. Rxe1 Rxe1+ 28. Nxe1 Nf2+ 29. Kg1 Nxd1 30. Rxd1 Be6 31. cxd5 Rd6 32.
Be5 Bg4 33. Bxd6 Bxd6 34. Nf3 Kf8 35. h3 Bf5 36. Kf2 Bc5+ 37. Ke2 Bb4 38. Ke3 Bc2 39. Rc1 Bf5 40. Nd4 Bg6 41. Rc8+ Ke7 42. Nc6+ Kd6 43.
Nxb4 1-0

[Event "Early-Titled-Tuesday-Blitz-January-16-2024"]
[Site "Chess.com"]
[Date "2024.01.16"]
[Round "1"]
[White "JCVanDamme10"]
[Black "SashaKuzhilniy"]
[Result "0-1"]
[WhiteElo "2328"]
[BlackElo "2664"]
[TimeControl "180+1"]
[EndTime "8:07:11 PST"]
[Termination "SashaKuzhilniy won on time"]

1. e4 e6 2. d4 d5 3. e5 c5 4. c3 Nc6 5. Nf3 Nge7 6. Bd3 cxd4 7. cxd4 Nf5 8. Bxf5 exf5 9. O-O Be6 10. Nc3 Be7 11.
Re1 g5 12. Qa4 Kf8 13. h3 h5 14. Rd1 f4 15. Ne1 a6 16. Ne2 Rc8 17. Bd2 Qb6 18. Bc3 Kg7 19. Rac1 Qb5 20. Qxb5 axb5 21. a3 b4 22.
axb4 Nxb4 23. Ra1 Bf5 24. Ra7 Rc7 25. Bxb4 Bxb4 26. Nd3 Be7 27. Nc5 f3 28. gxf3 Bxh3 29. Rxb7 Rxb7 30. Nxb7 Rb8 31. Nd6 Rxb2 32. Nc3 Be6 0-1

[Event "Early-Titled-Tuesday-Blitz-January-16-2024"]
[Site "Chess.com"]
[Date "2024.01.16"]
[Round "1"]
[White "Oleksandr_Bortnyk"]
[Black "RichardLeyvaP"]
[Result "1-0"]
[WhiteElo "3107"]
[BlackElo "2541"]
[TimeControl "180+1"]
[EndTime "8:07:16 PST"]
[Termination "Oleksandr_Bortnyk won on time"]

1. e4 e5 2. Nf3 Nc6 3. Bb5 a6 4. Ba4 Nf6 5. Nc3 b5 6. Bb3 Be7 7. d3 d6 8. a4 b4 9. Nd5 Na5 10.
Nxe7 Qxe7 11. Ba2 h6 12. h3 c5 13. O-O O-O 14. c3 bxc3 15. bxc3 Be6 16. c4 Nc6 17. Bd2 a5 18. Rb1 Nb4 19. Qb3 Nd7 20.
Ra1 f5 21. exf5 Bxf5 22. Ne1 Rab8 23. Qc3 Qf6 24. Bb3 Qg6 25. Kh2 Rb7 26. Bd1 Nb8 27.
f4 exf4 28. Rxf4 N8c6 29. Nf3 Bxd3 30. Rg4 Qh7 31. Bf4 Rd7 32. Qd2 Kh8 33. Rh4 Bxc4 34.
Bxh6 Kg8 35. Bxg7 Qxg7 36. Rg4 Bd5 37. Ra3 Bxf3 38. Bxf3 Ne5 39. Bd5+ Kh8 40. Rxg7 Rxg7 41. Qh6+ 1-0

[Event "Early-Titled-Tuesday-Blitz-January-16-2024"]
[Site "Chess.com"]
[Date "2024.01.16"]
[Round "1"]
[White "KVAIDAN"]
[Black "Egor_Koshulyan"]
[Result "1-0"]
[WhiteElo "2390"]
[BlackElo "2677"]
[TimeControl "180+1"]
[EndTime "8:07:16 PST"]
[Termination "KVAIDAN won by checkmate"]

1. f4 d5 2. Nf3 Nf6 3. e3 c5 4. b3 Nc6 5. Bb2 Bf5 6. Bb5 Rc8 7. Ne5 Bd7 8. Nf3 Bg4 9. h3 Bf5 10.
Ne5 Bd7 11. Bxc6 Bxc6 12. O-O e6 13. d3 Bd6 14. Rf3 d4 15. Rg3 O-O 16. Nd2 dxe3 17. Ndc4 Be7 18. Nxe3 g6 19. N3g4 Nxg4 20. Nxg4 f6 21.
Qe2 Bd7 22. Re1 Qb6 23. f5 Qd6 24. fxe6 Bc6 25. Nh6+ Kh8 26. Rg4 Be8 27. Qf3 b5 28.
Nf7+ Bxf7 29. Bxf6+ Kg8 30. exf7+ Rxf7 31. Bxe7 Rxe7 32. Rf1 Rce8 33. Rf4 Re6 34. Rf7 c4 35.
Qb7 R6e7 36. Rxe7 Qxe7 37. Qxb5 cxd3 38. Qxd3 Qc5+ 39. Kh1 a5 40. c4 Re3 41. Qd8+ Kg7 42. Qd7+ Kh6 43. Qg4 Kg7 44. Qf4 Re7 45. Qf8# 1-0

[Event "Early-Titled-Tuesday-Blitz-January-16-2024"]
[Site "Chess.com"]
[Date "2024.01.16"]
[Round "1"]
[White "Kotofeyca"]
[Black "baki83"]
[Result "0-1"]
[WhiteElo "2461"]
[BlackElo "2856"]
[TimeControl "180+1"]
[EndTime "8:07:17 PST"]
[Termination "baki83 won on time"]

1. d4 d5 2. c4 dxc4 3. Nc3 a6 4. e4 b5 5. a4 c6 6. axb5 cxb5 7. Nxb5 axb5 8. Rxa8 Bb7 9. Ra1 Bxe4 10. b3 Nf6 11.
bxc4 bxc4 12. Qa4+ Nc6 13. f3 Bd5 14. Bxc4 e6 15. Bb5 Qc8 16. Bg5 Bd6 17. Rc1 Kd7 18.
Ne2 Qb7 19. Nc3 Ra8 20. Qc2 Bb4 21. Bxc6+ Qxc6 22. Bxf6 Ra2 23. Qd3 Rxg2 24. Be5 Bc4 25. Qe4 Re2+ 26. Qxe2 Bxe2 27. Kxe2 Bxc3 28. Rhd1 Qb5+ 29. Kf2 Qb2+ 30. Kg3 f6 31. Bf4 g5 32.
Be3 Bb4 33. Rb1 Bd6+ 34. f4 gxf4+ 35. Bxf4 Qc3+ 36. Kg4 h5+ 0-1

[Event "Early-Titled-Tuesday-Blitz-January-16-2024"]
[Site "Chess.com"]
[Date "2024.01.16"]
[Round "1"]
[White "Makswolf200817"]
[Black "Massakru"]
[Result "1-0"]
[WhiteElo "2659"]
[BlackElo "2323"]
[TimeControl "180+1"]
[EndTime "8:07:19 PST"]
[Termination "Makswolf200817 won by checkmate"]

1. e4 e5 2. Nf3 Nc6 3. Bc4 Nf6 4.
d3 h6 5. c3 d6 6. Nbd2 Bd7 7. a4 Qe7 8. a5 a6 9. b4 g5 10. h3 Bg7 11. Bb3 Nh5 12. Nf1 Nf4 13. Ne3 O-O 14. h4 g4 15. Nh2 h5 16. g3 Nh3 17.
Nhxg4 hxg4 18. Nxg4 Be6 19. Rxh3 Qd7 20. Bxe6 Qxe6 21.
h5 f5 22. exf5 Qxf5 23. h6 Bf6 24. Rh5 Qg6 25. Kf1 Kh8 26. Ne3 Bg5 27. Kg2 e4 28. Qg4 Rxf2+ 29. Kh3 Rg8 30. h7 Rg7 31. Nd1 Rf5 32.
dxe4 Re5 33. Bxg5 Rxg5 34. Qc8+ Rg8 35. hxg8=Q# 1-0